 Dungeon Crawl Stone Soup version 0.31.0-11-ge490571c62 (webtiles) character file.

Game seed: 5074096873452804045

4 monsoonserge the Charlatan (level 1, -1/9 HPs)
             Began as a Spriggan Artificer on Feb 3, 2024.
             Frozen to death by an endoplasm (5 damage)
             ... on level 1 of the Dungeon.
             The game lasted 00:00:39 (202 turns).

monsoonserge the Charlatan (Spriggan Artificer)      Turns: 202, Time: 00:00:40

Health: -1/9       AC:  2    Str:  8    XL:     1   Next: 58%
Magic:  2/2        EV: 18    Int: 12    God:
Gold:   12         SH:  0    Dex: 15    Spells: 0/0 levels left

rFire   . . .        a - +0 club
rCold   . . .        (no shield)
rNeg    . . .        b - +0 robe
rPois   .            (helmet restricted)
rElec   .            (no cloak)
rCorr   .            (gloves unavailable)
SInv    +            (boots unavailable)
Will    .....        (no amulet)
Stlth   ++           (no ring)
HPRegen 0.21/turn    (no ring)
MPRegen 0.08/turn

%: no passive effects
@: very quick
A: very small, no large weapons, unfitting armour, see invisible, speed 3
a: no special abilities


You were on level 1 of the Dungeon.
You visited 1 branch of the dungeon, and saw 1 of its levels.

You collected 12 gold pieces.

Inventory:

Hand Weapons
 a - a +0 club (weapon)
Armour
 b - a +0 robe (worn)
Wands
 c - a wand of flame (15) (quivered)
 d - a wand of charming (15)
 e - a wand of iceblast (5)


   Skills:
 + Level 0.7 Fighting
 + Level 3.6 Dodging
 + Level 1.5 Stealth
 + Level 4.1 Evocations


You couldn't memorise any spells.
You didn't know any spells.
Your spell library contained the following spells:

 Spells                   Type           Power      Damage    Failure   Level
 Mercury Vapours          Alch/Air       0%         N/A       45%         2
 Mephitic Cloud           Conj/Alch/Air  0%         N/A       69%         3
 Freezing Cloud           Conj/Ice/Air   0%         6-21      100%        5


Dungeon Overview and Level Annotations

Branches:
Dungeon (1/15)

Altars:


Innate Abilities, Weirdness & Mutations

You are very small and have problems with some larger weapons.
You are too small for most types of armour.
You have supernaturally acute eyesight. (SInv)
You cover ground extremely quickly. (Speed+++)


Message History

The endoplasm closely misses you. The endoplasm freezes you.
You are frozen.
You hit the endoplasm.
The endoplasm is moderately wounded.
The endoplasm freezes you.
You are frozen.
* * * LOW HITPOINT WARNING * * *
Unknown command.
The endoplasm attacks as it pursues you!
The endoplasm hits you but does no damage.
You start resting.
There are monsters nearby!
You closely miss the jackal. The jackal misses you.
The jackal closely misses you.
You closely miss the jackal. The jackal closely misses you.
The jackal misses you.
You closely miss the jackal. The jackal closely misses you.
The jackal barely misses you.
You closely miss the jackal. The jackal completely misses you.
The jackal barely misses you.
You closely miss the jackal. The jackal completely misses you.
You barely miss the jackal.
The jackal bites you but does no damage. x2
You hit the jackal.
The jackal is moderately wounded.
The jackal closely misses you. The jackal bites you.
You barely miss the jackal.
The jackal is moderately wounded.
The jackal closely misses you. The jackal misses you.
You hit the jackal.
You kill the jackal!
The endoplasm freezes you.
You are frozen.
You hit the endoplasm.
The endoplasm is lightly wounded.
The endoplasm freezes you.
You are frozen.
Ouch! That really hurt!
You die...

##### ...... #.... ....
#.##. .... #..## ...
##.... #.. ##..##. #.#
##...#.. #.# ##..#.#..
#@# ##..##.... #J#
##..###.##. #. #.#
###..## #.##. #..
#.####...## #....
#..####.##....## #.###
...........#...## #....
#..#...#.#####..## #..#.
.[.......######..###.##.
.....#........##..##..#.


You could see an endoplasm.

Vanquished Creatures
  3 jackals (D:1)
  A rat (D:1)
4 creatures vanquished.

Notes
Turn   | Place    | Note
-------+----------+-------------------------------------------
     0 | D:1      | monsoonserge the Spriggan Artificer began the quest for the
                  | Orb.
     0 | D:1      | Reached XP level 1. HP: 9/9 MP: 2/2
   202 | D:1      | Frozen to death by an endoplasm

Illustrated notes

Levels and vault maps discovered:
D:1:      dpeg_chamrin_arrival_tetris, layout_basic

Action                     || total
---------------------------++-------
  Melee: Club              ||    36
         Punch             ||     1
 Armour: Robe              ||    14
  Dodge: Dodged            ||    42
